Map: Central Protocol

Players

PwnrBwnr - Winner!

  • Race: Protoss Protoss
  • League: Diamond

DIRT

  • Race: Protoss Protoss
  • League: Master

VOD

Have the link to the VOD?

Description

DIRT a notorious idiot, plays a game against a valiant young protoss name PwnrBwnr. Despite dire circumstances, DIRT is shit.

Time

  • Played on: Jan. 22, 2016, 1:07 a.m.
  • Length: 22:35
Show
View Real Time Build Order
Export as new Build Order

PwnrBwnr Protoss - Winner!

Build Orders:  

Get SALT Encoding   

  12  0:06  Probe (Chrono Boost)  
  13  0:16  Probe (Chrono Boost)  
  14  0:24  Pylon  
  14  0:27  Probe (Chrono Boost)  
  15  0:42  Probe (Chrono Boost)  
  16  0:49  Gateway  
  16  0:53  Probe (Chrono Boost)  
  16  0:54  Assimilator  
  17  1:03  Probe (Chrono Boost)  
  18  1:14  Probe (Chrono Boost)  
  19  1:24  Probe (Chrono Boost)  
  20  1:26  Assimilator  
  20  1:32  Pylon  
  20  1:35  Probe (Chrono Boost)  
  21  1:40  Cybernetics Core  
  21  1:45  Probe (Chrono Boost)  
  22  1:56  Probe (Chrono Boost)  
  23  2:05  Zealot  
  23  2:06  Probe (Chrono Boost)  
  26  2:09  Pylon  
  26  2:17  Mothership Core (Chrono Boost), Pylon  
  27  2:51  Nexus  
  26  3:22  Pylon  
  20  3:44  Gateway  
  17  4:14  Probe (Chrono Boost)  
  18  4:22  Gateway  
  18  4:32  Nexus  
  18  4:33  Probe (Chrono Boost)  
  18  4:35  Pylon  
  18  4:37  Pylon  
  19  4:42  Zealot  
  21  4:54  Forge  
  21  4:57  Probe (Chrono Boost)  
  22  5:05  Cybernetics Core  
  22  5:16  Probe (Chrono Boost)  
  22  5:19  Assimilator  
  23  5:23  Assimilator  
  23  5:30  Photon Cannon  
  23  5:42  Warp Gate (Chrono Boost)  
  23  5:43  Photon Cannon  
  23  5:50  Probe  
  23  5:52  Probe  
  25  6:01  Robotics Facility  
  25  6:13  Pylon  
  25  6:19  Probe  
  25  6:20  Pylon  
  25  6:24  Probe  
  27  6:29  Probe  
  28  6:36  Protoss Ground Weapons Level 1  
  28  6:39  Probe  
  29  6:49  Probe  
  29  6:50  Observer  
  29  6:53  Probe  
  32  6:59  Probe  
  33  7:05  Probe  
  34  7:10  Probe  
  39  7:15  Immortal  
  39  7:17  Probe  
  39  7:20  Probe  
  41  7:26  Gateway  
  41  7:29  Probe  
  42  7:31  Probe  
  43  7:41  Probe  
  43  7:42  Probe, Pylon  
  45  7:50  Twilight Council  
  45  7:52  Probe  
  45  7:53  Probe  
  47  8:03  Probe  
  47  8:05  Probe  
  49  8:13  Probe  
  49  8:14  Gateway x2  
  49  8:15  Assimilator  
  49  8:17  Probe  
  51  8:20  Assimilator  
  51  8:24  Probe  
  51  8:25  Pylon  
  52  8:29  Probe  
  52  8:32  Pylon  
  53  8:34  Probe  
  54  8:41  Probe  
  54  8:45  Probe  
  56  8:52  Stalker x3  
  56  8:55  Blink (Chrono Boost)  
  62  9:03  Probe  
  62  9:04  Pylon  
  62  9:07  Gateway  
  62  9:08  Gateway  
  62  9:09  Protoss Ground Weapons Level 2 (Chrono Boost)  
  63  9:16  Probe  
  64  9:20  Probe  
  64  9:23  Pylon  
  65  9:26  Photon Cannon  
  65  9:28  Stalker x2, Probe  
  70  9:32  Probe  
  70  9:33  Templar Archives  
  70  9:37  Photon Cannon  
  71  9:51  Stalker x4  
  79  10:01  Pylon  
  79  10:02  Probe  
  79  10:04  Probe  
  81  10:11  Pylon  
  81  10:14  Probe  
  82  10:18  Stalker x2  
  86  10:23  Pylon  
  86  10:24  Pylon  
  86  10:26  Pylon  
  86  10:32  Nexus  
  86  10:47  Psionic Storm  
  86  10:51  Probe x2  
  88  11:04  Stalker, Nexus  
  88  11:05  Stalker  
  88  11:07  Pylon, High Templar x3  
  98  11:12  Stalker  
  98  11:13  Stalker  
  101  11:19  Archon  
  101  11:24  Probe  
  102  11:26  Probe  
  103  11:37  Probe  
  103  11:38  Nexus  
  104  11:41  Pylon  
  104  11:47  Observer  
  104  11:50  Probe x2  
  107  11:55  High Templar x3  
  107  11:56  High Templar x3  
  119  12:02  Probe  
  120  12:10  Probe  
  120  12:11  Probe  
  122  12:18  Pylon  
  122  12:31  Pylon  
  122  12:32  Probe  
  123  12:37  Photon Cannon  
  123  12:39  Stalker x4  
  123  12:40  Photon Cannon  
  123  12:42  Photon Cannon  
  131  12:47  Pylon  
  131  13:01  Photon Cannon  
  131  13:03  Photon Cannon  
  131  13:05  Pylon  
  129  13:21  Probe  
  129  13:22  Probe  
  129  13:26  Photon Cannon  
  129  13:27  Photon Cannon  
  129  13:29  Photon Cannon, Assimilator  
  129  13:31  Photon Cannon  
  129  13:33  Assimilator  
  127  13:44  Stalker x3  
  127  13:45  Stalker x4  
  141  13:50  Gateway  
  141  13:51  Gateway  
  141  13:52  Gateway  
  141  13:54  Probe  
  141  13:55  Probe x2, Gateway  
  144  13:57  Gateway, Pylon  
  144  14:03  Pylon  
  144  14:07  Pylon  
  144  14:09  Stalker x4  
  151  14:10  Stalker x2  
  151  14:11  Pylon  
  152  14:18  Pylon  
  113  14:32  Stalker x4  
  113  14:33  Stalker x2  
  91  14:53  Stalker  
  73  15:01  Stalker x4  
  73  15:04  Stalker  
  73  15:05  Stalker x5  
  87  15:28  Photon Cannon  
  87  15:29  Photon Cannon  
  87  15:31  Photon Cannon, Assimilator  
  87  15:32  Probe  
  87  15:33  Photon Cannon  
  87  15:34  Assimilator  
  87  15:35  Photon Cannon  
  88  15:42  High Templar x4  
  92  15:43  Stalker x2  
  92  15:47  Protoss Ground Armor Level 1  
  100  15:55  Nexus  
  100  16:14  Stalker x3  
  100  16:15  Stalker x2  
  110  16:23  Pylon  
  110  16:29  Stalker x3  
  110  16:30  High Templar  
  118  16:37  Pylon  
  118  16:57  Stalker x4  
  118  16:58  Stalker  
  118  17:00  Probe  
  127  17:19  Stalker x3  
  127  17:20  Stalker x2  
  127  17:21  High Templar  
  127  17:22  High Templar  
  141  17:26  Archon  
  141  17:35  Mothership Core  
  143  17:50  High Templar  
  143  17:51  Stalker x3, High Templar  
  147  17:52  Stalker x2  
  79  18:20  Stalker x8  
  79  18:21  Stalker  
  94  18:43  Gateway  
  94  18:45  Gateway  
  94  18:46  Gateway  
  94  18:48  Stalker x7  
  102  18:52  Pylon  
  102  18:53  Probe x2  
  102  18:54  Probe  
  102  18:55  Pylon  
  102  19:12  Stalker x6  
  102  19:13  Stalker  
  92  19:45  Stalker  
  92  19:46  Stalker x6  
  94  20:09  Nexus  
  94  20:11  High Templar x4  
  94  20:12  High Templar x3  
  108  20:15  Archon x2  
  108  20:16  Archon  
  108  20:17  High Templar  
  110  20:21  Archon  
  110  20:24  Stalker  
  88  21:07  Stalker x4  
  88  21:08  Stalker x4  
  104  21:16  Pylon  
  104  21:28  Stalker  
  105  21:42  Stalker x3  
  105  21:43  High Templar  
  111  21:47  Stalker  
  97  22:06  Stalker x3  
  94  22:12  Stalker  
Show
View Real Time Build Order
Export as new Build Order

DIRT Protoss 

Build Orders:  

Get SALT Encoding   

  12  0:01  Probe (Chrono Boost)  
  13  0:11  Probe (Chrono Boost)  
  14  0:17  Pylon  
  14  0:24  Probe (Chrono Boost)  
  15  0:36  Probe (Chrono Boost)  
  16  0:44  Forge  
  16  0:46  Probe (Chrono Boost)  
  18  0:57  Probe (Chrono Boost)  
  18  1:07  Probe (Chrono Boost)  
  19  1:18  Probe (Chrono Boost)  
  20  1:28  Probe (Chrono Boost)  
  21  1:38  Pylon  
  21  1:39  Probe (Chrono Boost)  
  22  1:46  Pylon  
  22  1:58  Pylon  
  22  2:00  Photon Cannon  
  22  2:02  Gateway  
  22  2:07  Photon Cannon x2  
  22  2:09  Photon Cannon  
  22  2:18  Pylon  
  22  2:35  Photon Cannon  
  22  2:36  Photon Cannon  
  21  2:49  Photon Cannon  
  21  2:51  Zealot, Photon Cannon  
  23  2:53  Photon Cannon  
  23  3:01  Photon Cannon  
  23  3:12  Photon Cannon  
  23  3:19  Probe (Chrono Boost)  
  24  3:29  Probe (Chrono Boost)  
  24  3:34  Photon Cannon  
  23  3:45  Assimilator  
  23  3:49  Assimilator  
  23  4:17  Gateway  
  23  4:20  Pylon  
  23  4:25  Photon Cannon  
  22  4:38  Nexus  
  22  4:43  Cybernetics Core  
  22  4:47  Zealot (Chrono Boost)  
  24  5:20  Mothership Core  
  26  5:28  Photon Cannon  
  26  5:41  Stalker (Chrono Boost)  
  28  5:47  Stargate  
  28  5:50  Probe  
  28  5:56  Stargate  
  29  6:00  Probe  
  29  6:01  Warp Gate  
  29  6:03  Assimilator  
  30  6:12  Nexus  
  30  6:20  Probe  
  31  6:31  Probe  
  32  6:42  Probe  
  33  6:47  Fleet Beacon  
  33  7:09  Void Ray  
  33  7:13  Void Ray  
  41  7:23  Probe, Pylon  
  41  7:26  Probe  
  43  7:34  Probe  
  43  7:36  Probe  
  45  7:47  Probe x2  
  45  7:49  Probe  
  48  7:59  Carrier (Chrono Boost)  
  48  8:03  Probe  
  55  8:13  Probe  
  56  8:24  Probe  
  57  8:30  Carrier (Chrono Boost)  
  63  8:34  Probe  
  63  8:35  Graviton Catapult  
  63  8:37  Probe  
  63  8:39  Pylon  
  65  8:45  Probe  
  66  8:50  Pylon  
  66  8:56  Probe  
  66  8:57  Probe  
  66  8:58  Probe  
  69  9:08  Assimilator  
  69  9:16  Probe  
  70  9:18  Assimilator  
  70  9:20  Assimilator  
  70  9:23  Photon Cannon  
  76  9:25  Carrier (Chrono Boost)  
  76  9:31  Probe  
  77  9:43  Probe  
  78  9:50  Probe x2  
  78  9:51  Carrier (Chrono Boost)  
  86  10:03  Stargate  
  84  10:16  Nexus  
  84  10:22  Photon Cannon  
  84  10:23  Photon Cannon  
  84  10:25  Probe x3  
  93  10:43  Carrier (Chrono Boost)  
  93  10:46  Carrier (Chrono Boost)  
  99  11:02  Pylon  
  99  11:04  Pylon  
  99  11:07  Pylon  
  99  11:09  Probe  
  99  11:10  Carrier (Chrono Boost)  
  100  11:18  Protoss Air Weapons Level 1 (Chrono Boost)  
  102  11:46  Photon Cannon  
  102  11:50  Photon Cannon  
  102  11:51  Photon Cannon  
  103  11:54  Probe x3  
  103  12:00  Carrier  
  105  12:02  Carrier  
  105  12:03  Probe  
  105  12:06  Probe x2  
  120  12:15  Twilight Council  
  120  12:19  Probe  
  120  12:20  Probe  
  120  12:21  Probe x2  
  124  12:30  Carrier  
  133  13:08  Assimilator  
  125  13:13  Assimilator  
  125  13:14  Carrier  
  125  13:15  Mothership Core  
  127  13:22  Pylon  
  133  13:28  Carrier  
  133  13:29  Forge  
  131  13:43  Pylon  
  131  13:47  Pylon  
  131  13:48  Probe  
  131  13:49  Carrier  
  144  14:10  Pylon  
  144  14:17  Pylon  
  144  14:19  Pylon  
  131  14:25  Dark Shrine  
  131  14:28  Photon Cannon  
  131  14:30  Photon Cannon  
  113  14:44  Carrier (Chrono Boost)  
  107  15:10  Carrier (Chrono Boost)  
  107  15:12  Gateway x2  
  113  15:18  Carrier (Chrono Boost)  
  101  15:29  Probe  
  102  15:37  Gateway  
  102  15:39  Gateway  
  102  15:40  Gateway  
  102  15:44  Zealot  
  104  16:00  Probe x3  
  107  16:10  Dark Templar  
  102  16:20  Carrier (Chrono Boost)  
  102  16:22  Gateway  
  104  16:26  Dark Templar  
  104  16:27  Dark Templar  
  104  16:31  Archon  
  106  16:38  Dark Templar x3  
  112  16:43  Protoss Ground Weapons Level 1  
  112  16:47  Dark Templar  
  112  17:20  Carrier (Chrono Boost)  
  124  17:42  Carrier (Chrono Boost)  
  96  18:21  Carrier (Chrono Boost)  
  96  18:26  Dark Templar x2  
  78  19:47  Void Ray (Chrono Boost)  
  78  19:49  Void Ray (Chrono Boost)  
  78  19:51  Void Ray (Chrono Boost)  
  90  20:25  Void Ray (Chrono Boost)  
  94  20:34  Dark Templar  
Tags
 
Add a new tag
Caveats
  • Supply blocks, unpowered buildings, or Contaminate may cause inaccurate times.
  • Supply counts are checked every 10 seconds.